[Event "January 2 Late 2024"]
[Site "https://www.chess.com"]
[Date "2024.01.02"]
[Round "1"]
[White "Lin, Bryan Enming"]
[Black "Vifleemskaia, Svetlana"]
[Result "0-1"]
[Board "197"]
[TimeControl "180+1"]
[WhiteFideId "30987121"]
[BlackFideId "4129490"]
[WhiteElo "2576"]
[BlackElo "2220"]
[WhiteTeam "USA"]
[BlackTeam "RUS"]
[WhiteClock "0:01:08"]
[BlackClock "0:00:04"]

1. e4 e5 2. Nf3 Nc6 3. Nc3 Nf6 4. a3 a6 5. d4 exd4 6. Nxd4 Bc5 7. Be3 Nxd4 8. Bxd4 Bxd4 9. Qxd4 d6 10. O-O-O Qe7 11. f3 Qe5 12. Qd2 Bd7 13. Bc4 b5 14. Ba2 O-O 15. g4 a5 16. g5 Nh5 17. Nd5 Be6 18. Rhe1 Bxd5 19. Bxd5 Rab8 20. Kb1 b4 21. a4 Qf4 22. Qg2 Qe5 23. h4 Nf4 24. Qg3 Nxd5 25. Qxe5 Nc3+ 26. Qxc3 bxc3 27. b3 Rb6 28. Re3 Rc6 29. Rdd3 Rb8 30. Rxc3 Rbb6 31. Kb2 Rxc3 32. Rxc3 Rb7 33. Rc6 f6 34. Ra6 fxg5 35. hxg5 h5 36. gxh6 gxh6 37. Rxa5 Kg7 38. f4 Kg6 39. Rd5 Rb4 40. c4 Rb8 41. a5 Rf8 42. Rf5 Ra8 43. b4 h5 44. Rg5+ Kh6 45. Kc3 h4 46. Kb3 c6 47. Ka4 Ra7 48. b5 cxb5+ 49. cxb5 Re7 50. a6 Rxe4+ 51. Ka5 Rxf4 52. a7 Rf1 53. Rg4 Kh5 54. Ra4 Rf8 55. b6 Ra8 56. b7 Rxa7+ 57. Kb5 Rxb7+ 58. Kc6 Rf7 59. Kxd6 Rf3 60. Ke5 h3 61. Ke4 Rf1 62. Ra3 Kh4 63. Ra8 h2 64. Rh8+ Kg3 65. Rg8+ Kf2 66. Rf8+ Ke1 0-1

[Event "January 2 Late 2024"]
[Site "https://www.chess.com"]
[Date "2024.01.02"]
[Round "1"]
[White "Curtis, John"]
[Black "Korchynskyi, Mykola"]
[Result "1/2-1/2"]
[Board "198"]
[TimeControl "180+1"]
[WhiteFideId "3200256"]
[BlackFideId "34138005"]
[WhiteElo "2215"]
[BlackElo "2575"]
[WhiteTeam "AUS"]
[BlackTeam "UKR"]
[WhiteClock "0:00:44"]
[BlackClock "0:01:03"]

1. d4 d5 2. Nf3 Nf6 3. g3 Bf5 4. Bg2 e6 5. Bg5 Be7 6. c3 O-O 7. Nbd2 c5 8. O-O Nbd7 9. Nh4 Bg6 10. Nxg6 hxg6 11. Bxf6 Bxf6 12. e3 Rc8 13. a4 a6 14. a5 cxd4 15. exd4 Nb8 16. Qa4 Qd6 17. Nb3 Nd7 18. Rfd1 Rc4 19. Qa2 Rfc8 20. Bf1 R4c7 21. Bg2 Qe7 22. Re1 Qd8 23. Nd2 Be7 24. Re2 Nb8 25. Nb3 Nc6 26. Rae1 Na7 27. h4 Nb5 28. Qb1 Nd6 29. Qd1 Nc4 30. Rc2 Rc6 31. h5 g5 32. Qa1 Bd6 33. Bh3 Bc7 34. Kh2 Nxa5 35. Nxa5 Bxa5 36. Qd1 Bb6 37. Qg4 Qf6 38. Re3 Bxd4 39. Rf3 Qe5 40. h6 Bc5 41. h7+ Kxh7 42. Qh5+ Kg8 43. Qxf7+ Kh7 44. Qh5+ Kg8 45. Qf7+ Kh7 46. Qh5+ Kg8 47. Qf7+ 1/2-1/2

[Event "January 2 Late 2024"]
[Site "https://www.chess.com"]
[Date "2024.01.02"]
[Round "1"]
[White "AmanteDeMoi"]
[Black "Andreassen, Lars"]
[Result "1-0"]
[Board "199"]
[TimeControl "180+1"]
[BlackFideId "1504878"]
[WhiteElo "2574"]
[BlackElo "2215"]
[BlackTeam "NOR"]
[WhiteClock "0:00:31"]
[BlackClock "0:00:03"]

1. Nf3 d6 2. e3 e5 3. d4 e4 4. Nfd2 d5 5. c4 c6 6. Nc3 Nf6 7. Be2 Bb4 8. O-O O-O 9. Qb3 Bxc3 10. bxc3 Nbd7 11. Ba3 Re8 12. cxd5 cxd5 13. c4 dxc4 14. Bxc4 Nb6 15. Bxf7+ Kh8 16. Bxe8 Qxe8 17. Bd6 Qg6 18. Bg3 h5 19. Nc4 Be6 20. Ne5 Qe8 21. Qa3 g5 22. h3 h4 23. Bh2 Kg7 24. Rac1 Rc8 25. Rxc8 Qxc8 26. Rc1 Qe8 27. Rc7+ Kh6 28. Qe7 Qxe7 29. Rxe7 Bxa2 30. Rxb7 Nbd5 31. Rxa7 Bb3 32. Ra3 Bc2 33. Ra5 Nc3 34. Nf7+ Kg6 35. Nxg5 Ne2+ 36. Kh1 Nh5 37. Ne6 Bd3 38. Nf8+ Kh6 39. Be5 Bc4 40. Rc5 Bf7 41. Rc6+ Kg5 42. Nh7+ Kf5 43. Kh2 Nhg3 44. Rf6# 1-0

[Event "January 2 Late 2024"]
[Site "https://www.chess.com"]
[Date "2024.01.02"]
[Round "1"]
[White "Arlo2024"]
[Black "Ismagilov, Damir"]
[Result "0-1"]
[Board "200"]
[TimeControl "180+1"]
[BlackFideId "34199982"]
[WhiteElo "2214"]
[BlackElo "2572"]
[BlackTeam "RUS"]
[WhiteClock "0:00:25"]
[BlackClock "0:00:31"]

1. e4 g6 2. d4 Bg7 3. Nf3 c5 4. c3 cxd4 5. cxd4 d5 6. e5 Nc6 7. Nc3 Bg4 8. Be2 e6 9. O-O Nge7 10. Bg5 O-O 11. Qd2 Qb6 12. Rad1 Nf5 13. Be3 Nxe3 14. fxe3 Rac8 15. h3 Bxf3 16. Rxf3 Na5 17. Rdf1 Qb4 18. Bd3 a6 19. R1f2 Rc7 20. h4 Rfc8 21. h5 Nc4 22. Bxc4 Qxc4 23. a3 b5 24. hxg6 hxg6 25. Ne2 Qb3 26. Nf4 Rc2 27. Qe1 Rc1 0-1

[Event "January 2 Late 2024"]
[Site "https://www.chess.com"]
[Date "2024.01.02"]
[Round "1"]
[White "Yurasov, Matfey"]
[Black "Jose Iraeta, Alejandro"]
[Result "0-1"]
[Board "201"]
[TimeControl "180+1"]
[WhiteFideId "55617603"]
[BlackFideId "2226537"]
[WhiteElo "2572"]
[BlackElo "2208"]
[WhiteTeam "FID"]
[BlackTeam "ESP"]
[WhiteClock "0:00:03"]
[BlackClock "0:00:05"]

1. e4 e5 2. Nf3 d5 3. exd5 e4 4. Qe2 Nf6 5. Nc3 Be7 6. Nxe4 O-O 7. d3 Re8 8. Qd1 Nxd5 9. Be2 Nc6 10. O-O f5 11. Nc3 Nxc3 12. bxc3 Bf6 13. d4 Ne7 14. c4 b6 15. Bb2 Bb7 16. Re1 Ng6 17. Qd2 Rb8 18. Rad1 Qd7 19. Ba1 Rbd8 20. Bc3 Qd6 21. d5 c6 22. Bxf6 Qxf6 23. d6 c5 24. Ng5 h6 25. Bf3 Rxe1+ 26. Rxe1 Bxf3 27. Ne6 Rd7 28. gxf3 Kh7 29. Kh1 Nf8 30. Qd5 Ng6 31. f4 Qf7 32. Qc6 Rb7 33. Nd8 Qd7 34. Qxb7 Qxd8 35. d7 Nxf4 36. Re8 Qf6 37. Re1 Qc3 38. d8=Q Qxe1# 0-1

[Event "January 2 Late 2024"]
[Site "https://www.chess.com"]
[Date "2024.01.02"]
[Round "1"]
[White "Bullen, Alex"]
[Black "Kokoszczynski, Jan"]
[Result "0-1"]
[Board "202"]
[TimeControl "180+1"]
[WhiteFideId "1801627"]
[BlackFideId "1174460"]
[WhiteElo "2207"]
[BlackElo "2572"]
[WhiteTeam "WLS"]
[BlackTeam "POL"]
[WhiteClock "0:01:48"]
[BlackClock "0:01:20"]

1. d4 Nf6 2. Nf3 g6 3. Nbd2 Bg7 4. e4 d6 5. Bd3 O-O 6. O-O Nc6 7. Re1 e5 8. dxe5 Nxe5 9. Nxe5 dxe5 10. Nc4 Nh5 11. b3 Nf4 12. Bf1 b6 13. Bb2 Qg5 14. Qf3 Re8 15. Qg3 Qh5 16. Bxe5 Bxe5 17. Nxe5 Qxe5 18. Rad1 h5 19. Bc4 Bg4 20. Rd2 Rad8 21. Rxd8 Rxd8 22. h3 Bc8 23. Qf3 Be6 24. Bxe6 Nxe6 25. Qe3 c5 26. Rf1 Qf4 27. Qc3 Rd4 28. Re1 Rxe4 29. Rd1 Rd4 30. Re1 Qd2 0-1

[Event "January 2 Late 2024"]
[Site "https://www.chess.com"]
[Date "2024.01.02"]
[Round "1"]
[White "Richter, Paul"]
[Black "MiguelEduardoGB"]
[Result "1-0"]
[Board "203"]
[TimeControl "180+1"]
[WhiteFideId "2046350"]
[WhiteElo "2568"]
[BlackElo "2201"]
[WhiteTeam "USA"]
[WhiteClock "0:00:50"]
[BlackClock "0:00:00"]

1. e4 Nc6 2. Nf3 d6 3. Nc3 Bg4 4. h3 Bxf3 5. Qxf3 Nf6 6. g3 g6 7. Bg2 Nd4 8. Qd1 Bg7 9. O-O O-O 10. Ne2 Nxe2+ 11. Qxe2 c5 12. c3 Nd7 13. d3 Rb8 14. a4 a6 15. Kh2 b5 16. axb5 axb5 17. Be3 b4 18. d4 Qc7 19. f4 bxc3 20. bxc3 Rb3 21. Rac1 Rfb8 22. Rc2 h5 23. e5 c4 24. f5 dxe5 25. fxg6 fxg6 26. Bd5+ Kh8 27. Bxc4 h4 28. Bxb3 exd4 29. Bf4 e5 30. cxd4 Qb6 31. Be6 exf4 32. Bxd7 hxg3+ 33. Kh1 Qxd4 34. Rc8+ Rxc8 35. Bxc8 Qd5+ 36. Qf3 Qc4 37. Bg4 Be5 38. Rd1 Kh7 39. Qd5 1-0

[Event "January 2 Late 2024"]
[Site "https://www.chess.com"]
[Date "2024.01.02"]
[Round "1"]
[White "Ferriz Barrios, Andres"]
[Black "Banerjee, Supratit"]
[Result "0-1"]
[Board "204"]
[TimeControl "180+1"]
[WhiteFideId "5104467"]
[BlackFideId "2410079"]
[WhiteElo "2199"]
[BlackElo "2568"]
[WhiteTeam "MEX"]
[BlackTeam "SCO"]
[WhiteClock "0:01:41"]
[BlackClock "0:01:13"]

1. d4 d5 2. Nf3 e6 3. Nbd2 c5 4. e3 Nc6 5. c3 Nf6 6. Bd3 Bd6 7. O-O O-O 8. Qe2 cxd4 9. exd4 Qc7 10. Re1 b6 11. Ne5 Bb7 12. f4 Rae8 13. Ndf3 Ne4 14. Ng5 Nxg5 15. Nxc6 Bxc6 16. fxg5 Bxh2+ 17. Kf1 Bf4 18. Bxh7+ Kxh7 19. Qh5+ Kg8 20. Ke2 Bb5+ 21. Kd1 f6 22. g6 Bh6 23. Bxh6 gxh6 24. Re3 Qg7 25. Kd2 f5 26. Rh1 f4 27. Reh3 Rf6 28. g3 Qxg6 29. Qe5 Qd3+ 30. Kc1 Qe3+ 31. Qxe3 fxe3 32. g4 e2 33. g5 Rf1+ 0-1

[Event "January 2 Late 2024"]
[Site "https://www.chess.com"]
[Date "2024.01.02"]
[Round "1"]
[White "Roberson, Peter T"]
[Black "Keller, Peter"]
[Result "1/2-1/2"]
[Board "205"]
[TimeControl "180+1"]
[WhiteFideId "412384"]
[BlackFideId "1272105"]
[WhiteElo "2566"]
[BlackElo "2197"]
[WhiteTeam "ENG"]
[BlackTeam "GER"]
[WhiteClock "0:00:03"]
[BlackClock "0:00:12"]

1. b3 e5 2. Bb2 Nc6 3. e3 Nf6 4. Bb5 e4 5. Ne2 a6 6. Bxc6 dxc6 7. Ng3 h5 8. Bxf6 Qxf6 9. Nc3 Bg4 10. Ngxe4 Qg6 11. f3 Be6 12. Qe2 Ba3 13. O-O f5 14. Ng3 h4 15. Nh1 O-O-O 16. Nf2 Qf6 17. Rad1 Bb4 18. Nd3 Bxc3 19. dxc3 Qxc3 20. f4 Bd5 21. Ne5 Be4 22. Ng6 Rhe8 23. Nxh4 Bxc2 24. Rc1 Rd2 25. Qh5 Qxe3+ 26. Kh1 Kb8 27. Nf3 Re2 28. Ne5 Rxe5 29. fxe5 Be4 30. Qh8+ Ka7 31. Qxg7 Rxg2 32. Qxg2 f4 33. Rce1 Bxg2+ 34. Kxg2 Qd2+ 35. Kf3 Qxh2 36. e6 Qg3+ 37. Ke4 f3 38. e7 Qg6+ 39. Kd4 Qd6+ 40. Kc3 Qf6+ 41. Kc2 Qf5+ 42. Kb2 Qf6+ 43. Ka3 Qd6+ 44. Kb2 Qf6+ 45. Kc2 Qf5+ 46. Kd2 Qd5+ 47. Ke3 Qe6+ 48. Kxf3 Qf5+ 49. Kg3 Qg5+ 50. Kf3 Qf5+ 51. Ke3 Qe5+ 52. Kd3 Qd5+ 53. Kc3 Qc5+ 54. Kb2 Qd4+ 55. Kc2 Qc5+ 56. Kb2 Qd4+ 57. Ka3 Qc5+ 58. Kb2 1/2-1/2

[Event "January 2 Late 2024"]
[Site "https://www.chess.com"]
[Date "2024.01.02"]
[Round "1"]
[White "Yushko, Olga"]
[Black "Cervantes Landeiro, Thalia"]
[Result "0-1"]
[Board "206"]
[TimeControl "180+1"]
[WhiteFideId "14114500"]
[BlackFideId "3520498"]
[WhiteElo "2186"]
[BlackElo "2565"]
[WhiteTeam "UKR"]
[BlackTeam "USA"]
[WhiteClock "0:00:00"]
[BlackClock "0:00:18"]

1. d4 Nf6 2. c4 g6 3. Nf3 Bg7 4. Nc3 d5 5. Bg5 Ne4 6. Bh4 Nxc3 7. bxc3 dxc4 8. e4 Be6 9. Be2 c5 10. O-O cxd4 11. cxd4 O-O 12. Rb1 b6 13. d5 Bg4 14. Bxc4 Nd7 15. d6 Bf6 16. Bg3 exd6 17. Bxd6 Re8 18. Bd5 Rc8 19. Qb3 Be6 20. Rfd1 Bxd5 21. Rxd5 Re6 22. e5 Bg7 23. Nd4 Re8 24. Nf3 Bh6 25. Rbd1 Rc1 26. h3 Rxd1+ 27. Qxd1 Qc8 28. Bb4 Nf8 29. Bd6 Ne6 30. g3 Qc6 31. Rd3 Rc8 32. Nd4 Qe4 33. Nxe6 Rc1 34. Qxc1 Bxc1 35. Rc3 Qe1+ 36. Kg2 Qxc3 37. Nc7 Qc6+ 38. Kf1 Qh1+ 39. Ke2 Qxh3 40. Nb5 Qg4+ 0-1

[Event "January 2 Late 2024"]
[Site "https://www.chess.com"]
[Date "2024.01.02"]
[Round "1"]
[White "Manukian, Artak"]
[Black "Vila Dupla, Aurelio"]
[Result "1-0"]
[Board "207"]
[TimeControl "180+1"]
[WhiteFideId "13301373"]
[BlackFideId "2203383"]
[WhiteElo "2565"]
[BlackElo "2184"]
[WhiteTeam "ARM"]
[BlackTeam "ESP"]
[WhiteClock "0:00:08"]
[BlackClock "0:00:00"]

1. e4 c5 2. Nf3 d6 3. Bb5+ Nd7 4. O-O a6 5. Bd3 Ngf6 6. a4 b6 7. c3 Bb7 8. Re1 e6 9. Bc2 Be7 10. d4 Rc8 11. e5 Nd5 12. Na3 cxd4 13. cxd4 dxe5 14. dxe5 Nb4 15. Bb1 O-O 16. h4 Nc5 17. Bg5 Bxg5 18. Nxg5 h6 19. Nh3 Qxh4 20. Qe2 Rfd8 21. Nc4 Ncd3 22. Bxd3 Rxd3 23. Ne3 Rcd8 24. Rad1 Qe4 25. Rxd3 Rxd3 26. Qg4 Qxg4 27. Nxg4 Rd2 28. b3 Rb2 29. Re3 Nc2 30. Rc3 Rb1+ 31. Kh2 Nd4 32. Nf4 Be4 33. Rc8+ Kh7 34. Rc7 Rxb3 35. Rxf7 Kg8 36. Rd7 Nc2 37. Nxe6 Ne1 38. Rxg7+ Kh8 39. Nxh6 1-0

[Event "January 2 Late 2024"]
[Site "https://www.chess.com"]
[Date "2024.01.02"]
[Round "1"]
[White "Tagliati, Eleonore"]
[Black "Kotlyar, Kirill"]
[Result "1-0"]
[Board "208"]
[TimeControl "180+1"]
[WhiteFideId "45172234"]
[BlackFideId "24145599"]
[WhiteElo "2181"]
[BlackElo "2564"]
[WhiteTeam "FRA"]
[BlackTeam "RUS"]
[WhiteClock "0:00:56"]
[BlackClock "0:00:21"]

1. e4 e5 2. Nf3 Nc6 3. Bb5 a6 4. Ba4 Nf6 5. O-O Be7 6. Re1 b5 7. Bb3 O-O 8. a4 b4 9. d4 d6 10. dxe5 dxe5 11. Nbd2 Bc5 12. h3 Qe7 13. Qe2 Be6 14. Nc4 Nd4 15. Nxd4 Bxd4 16. Qf3 Qc5 17. Nd2 Rad8 18. Re2 Qc6 19. Nf1 Ba7 20. Bg5 Bxb3 21. Qxb3 a5 22. Qf3 Rd6 23. Ng3 Bd4 24. Nf5 Qa6 25. Nxd6 Qxd6 26. Rd1 Qe6 27. Bxf6 gxf6 28. b3 c5 29. Kf1 Kh8 30. Qg4 Qa6 31. Qd7 Kg7 32. Qd5 Rg8 33. Rd3 Qb6 34. Rg3+ Kf8 35. Qa8+ Ke7 36. Rxg8 Ke6 37. Qe8+ Kd6 38. Qd8+ Qxd8 39. Rxd8+ Ke7 40. Rh8 f5 41. exf5 Kf6 42. Rxh7 Kxf5 43. Rxf7+ Ke6 44. Ra7 Kd5 45. Rxa5 Kd6 46. Ra6+ Kd5 47. Rg6 Bc3 48. Rg4 e4 49. Rgxe4 1-0

[Event "January 2 Late 2024"]
[Site "https://www.chess.com"]
[Date "2024.01.02"]
[Round "1"]
[White "Lymar, Vladislav"]
[Black "yujiarun18"]
[Result "1-0"]
[Board "209"]
[TimeControl "180+1"]
[WhiteFideId "14162180"]
[WhiteElo "2562"]
[BlackElo "2175"]
[WhiteTeam "UKR"]
[WhiteClock "0:01:05"]
[BlackClock "0:00:17"]

1. d4 d5 2. Nc3 Nf6 3. g3 c6 4. Bg2 Bf5 5. Bg5 h6 6. Bxf6 exf6 7. Qd2 Bd6 8. O-O-O O-O 9. e4 dxe4 10. Nxe4 Na6 11. Ne2 Nb4 12. Kb1 Re8 13. N2c3 a5 14. Rhe1 b5 15. a3 Na6 16. Nxd6 Qxd6 17. Ne4 Qc7 18. Qd3 b4 19. Nxf6+ gxf6 20. Qxf5 Qd6 21. Be4 Nc7 22. Qh7+ Kf8 23. Qxh6+ Ke7 24. Bxc6+ Ne6 25. Bxe8 Rxe8 26. d5 bxa3 27. dxe6 fxe6 28. Rxd6 1-0

[Event "January 2 Late 2024"]
[Site "https://www.chess.com"]
[Date "2024.01.02"]
[Round "1"]
[White "Negron Lizarazo, Juan Sebastian"]
[Black "Lund, Gunnar"]
[Result "0-1"]
[Board "210"]
[TimeControl "180+1"]
[WhiteFideId "3936910"]
[BlackFideId "1520814"]
[WhiteElo "2171"]
[BlackElo "2562"]
[WhiteTeam "COL"]
[BlackTeam "NOR"]
[WhiteClock "0:00:04"]
[BlackClock "0:00:30"]

1. e4 e6 2. d4 d5 3. e5 c5 4. c3 Nc6 5. Nf3 Bd7 6. a3 f6 7. Bb5 Qc7 8. Bxc6 Bxc6 9. O-O O-O-O 10. Bf4 g5 11. Bg3 h5 12. exf6 Bd6 13. Bxd6 Qxd6 14. Ne5 Nxf6 15. Nf7 Qf4 16. Nxd8 Rxd8 17. Qd2 Qf5 18. Qe3 Ng4 19. Qe2 h4 20. h3 Nf6 21. Nd2 g4 22. hxg4 Nxg4 23. Qf3 Qg5 24. Qh3 Rg8 25. Nf3 Qf4 26. Nh2 cxd4 27. Nxg4 Rxg4 28. cxd4 Qxd4 29. Rad1 Qf4 30. Rfe1 Kd7 31. f3 Rg6 32. Re2 Bb5 33. Ree1 Bc6 34. Rd3 Kd6 35. Rde3 Bd7 36. Re5 Rg3 37. Rxe6+ Kc7 38. Qh2 Bxe6 39. Rxe6 Qc1+ 40. Kf2 Qxb2+ 41. Re2 Qd4+ 42. Kf1 Qf4 43. Qg1 Qc1+ 44. Re1 Qc4+ 45. Re2 h3 46. Qxa7 hxg2+ 47. Kg1 Qxe2 48. Qc5+ Kb8 49. Qd6+ Ka8 50. Qf8+ Ka7 51. Qc5+ Ka6 52. Qd6+ b6 53. Qxg3 Qf1+ 54. Kh2 Qh1# 0-1

[Event "January 2 Late 2024"]
[Site "https://www.chess.com"]
[Date "2024.01.02"]
[Round "1"]
[White "Grinev, Valeriy"]
[Black "Porat, Tori"]
[Result "1-0"]
[Board "211"]
[TimeControl "180+1"]
[WhiteFideId "14117517"]
[BlackFideId "30982626"]
[WhiteElo "2561"]
[BlackElo "2164"]
[WhiteTeam "UKR"]
[BlackTeam "USA"]
[WhiteClock "0:00:31"]
[BlackClock "0:00:14"]

1. d4 d5 2. c4 c6 3. cxd5 cxd5 4. Bf4 Nf6 5. e3 Nc6 6. Nc3 e6 7. Bd3 Bb4 8. Ne2 O-O 9. O-O a6 10. a3 Bd6 11. Bxd6 Qxd6 12. f4 b5 13. Kh1 Qe7 14. Ng1 b4 15. Na4 bxa3 16. bxa3 Rb8 17. Nc5 a5 18. Nf3 Ng4 19. Qe2 f5 20. Rab1 Bd7 21. Rfc1 Na7 22. h3 Nf6 23. Ne5 Rxb1 24. Rxb1 Bc8 25. Rb6 Ne4 26. Bxe4 fxe4 27. Qe1 Qc7 28. Qxa5 g5 29. fxg5 Nc6 30. Qb5 Nxe5 31. dxe5 Qxe5 32. Rb8 Qxg5 33. Qe2 Qe5 34. Qg4+ Kh8 35. Rb1 Rg8 36. Qh4 Qg7 37. Rg1 e5 38. a4 Bf5 39. a5 d4 40. a6 dxe3 41. a7 Qxa7 42. Qf6+ Qg7 43. Qxf5 e2 44. Qxe4 Qe7 45. Nd3 Rg3 46. Qxe2 Rg5 47. Re1 Qg7 48. Nxe5 h5 49. Nf3 Rg3 50. Qe8+ Kh7 51. Qxh5+ Qh6 52. Re7+ Rg7 53. Rxg7+ Kxg7 54. Qxh6+ Kxh6 55. Kh2 Kh5 56. Kg3 Kg6 57. Kg4 Kh6 58. h4 Kg6 59. h5+ Kh6 60. Kh4 Kh7 61. Kg5 Kg7 62. h6+ Kh7 63. Ne5 Kg8 64. Kg6 Kh8 65. g3 Kg8 66. h7+ Kh8 67. Nf7# 1-0

[Event "January 2 Late 2024"]
[Site "https://www.chess.com"]
[Date "2024.01.02"]
[Round "1"]
[White "Kovacevic, Radmila"]
[Black "Taboas Rodriguez, Daniel"]
[Result "0-1"]
[Board "212"]
[TimeControl "180+1"]
[WhiteFideId "933171"]
[BlackFideId "2208466"]
[WhiteElo "2155"]
[BlackElo "2556"]
[WhiteTeam "SRB"]
[BlackTeam "ESP"]
[WhiteClock "0:00:17"]
[BlackClock "0:00:06"]

1. e4 e5 2. d4 exd4 3. Qxd4 Nc6 4. Qe3 Nf6 5. Bd2 Bb4 6. c3 Ba5 7. c4 Bxd2+ 8. Nxd2 O-O 9. O-O-O Re8 10. Qf4 d6 11. h3 Qe7 12. Bd3 Qe5 13. Qe3 Qc5 14. Qxc5 dxc5 15. f4 Nd4 16. Ngf3 Nh5 17. Nxd4 cxd4 18. Rhf1 c5 19. g4 Nf6 20. e5 Nd7 21. Ne4 f6 22. Nd6 Re7 23. Be4 Nb6 24. exf6 gxf6 25. Rde1 Kf8 26. Nf5 Rc7 27. b3 Bxf5 28. Bxf5 Re8 29. Kd2 Rce7 30. Rxe7 Rxe7 31. Re1 Rxe1 32. Kxe1 h6 33. Kd2 Ke7 34. Kd3 Kd6 35. h4 Nd7 36. Ke4 Nf8 37. Bc8 b6 38. Bf5 Ne6 39. a3 a5 40. a4 Ng7 41. Bg6 Ke6 42. Kd3 f5 43. g5 hxg5 44. hxg5 Kd6 45. Bf7 Ke7 46. Bg6 Ne6 47. Bxf5 Nxf4+ 48. Ke4 Nh5 49. Kf3 Ng7 50. Bd3 Kf7 51. Kg4 Ne6 52. Kf5 Ng7+ 53. Kg4 Ke6 54. Kf4 Ne8 55. Bf5+ Ke7 56. Ke5 Nd6 57. Bd3 Nf7+ 58. Kf5 Nd6+ 59. Kg6 Nf7 60. Kf5 Nd8 61. Kg6 Nc6 62. Kf5 Nb4 63. Be2 Kf7 64. Bh5+ Kg7 65. Bd1 Nd3 66. Bc2 Nf2 67. Ke6 d3 68. Bxd3 Nxd3 69. Kd6 Nc1 70. Kc6 Nxb3 71. Kxb6 Kg6 72. Kc6 Kxg5 73. Kd5 Kf4 74. Kc6 Ke4 75. Kb5 Kd4 76. Ka6 Kxc4 0-1

[Event "January 2 Late 2024"]
[Site "https://www.chess.com"]
[Date "2024.01.02"]
[Round "1"]
[White "RaugintaBulba"]
[Black "KSho99"]
[Result "0-1"]
[Board "213"]
[TimeControl "180+1"]
[WhiteElo "2553"]
[BlackElo "2155"]
[WhiteClock "0:00:16"]
[BlackClock "0:00:05"]

1. d4 e6 2. c4 f5 3. Nf3 Nf6 4. g3 d5 5. Bg2 Be7 6. O-O Ne4 7. Nbd2 Nc6 8. e3 h5 9. h4 g5 10. hxg5 Bxg5 11. Nxg5 Qxg5 12. Nf3 Qg7 13. cxd5 exd5 14. Qb3 Ne7 15. Nh4 c6 16. Qd1 Ng6 17. Qf3 Qf6 18. Nxg6 Qxg6 19. Qf4 Be6 20. Qh4 Kd7 21. b4 Rag8 22. b5 cxb5 23. Ba3 Qf7 24. Rac1 Rg4 25. Qh2 h4 26. gxh4 f4 27. Qh3 Rhxh4 28. Qf3 Qg6 29. Rfd1 Rxg2+ 30. Qxg2 Rg4 31. Qxg4 Qxg4+ 32. Kf1 fxe3 33. fxe3 Qf3+ 34. Kg1 Bh3 35. Rc2 Qg3+ 36. Kh1 Nf2+ 37. Rxf2 Qxf2 38. Rg1 Qxe3 39. Rg7+ Ke6 40. Bc5 Qf3+ 41. Kh2 Bf5 42. Re7+ Kf6 43. Re8 Qf2+ 44. Kh1 Be4+ 45. Rxe4 dxe4 46. d5 e3 47. d6 Ke6 48. d7 Kxd7 49. Bxe3 Qxe3 0-1

[Event "January 2 Late 2024"]
[Site "https://www.chess.com"]
[Date "2024.01.02"]
[Round "1"]
[White "th3d4rkness"]
[Black "Rama, Tejas"]
[Result "0-1"]
[Board "214"]
[TimeControl "180+1"]
[BlackFideId "30907381"]
[WhiteElo "2149"]
[BlackElo "2550"]
[BlackTeam "USA"]
[WhiteClock "0:01:14"]
[BlackClock "0:02:05"]

1. d4 Nf6 2. c4 e6 3. Nf3 d5 4. g3 dxc4 5. Bg2 c5 6. O-O Nc6 7. dxc5 Qxd1 8. Rxd1 Bxc5 9. Nbd2 c3 10. bxc3 O-O 11. Nb3 Be7 12. c4 Bd7 13. Bb2 Rfc8 14. Bxf6 Bxf6 15. Rxd7 Bxa1 16. Nxa1 Rd8 17. Rd2 Ne5 18. Rxd8+ Rxd8 19. Nxe5 Rd1+ 20. Bf1 Rxa1 21. Nd3 Rxa2 22. Kg2 a5 23. Nc5 b6 24. Nd7 Rb2 25. c5 a4 26. cxb6 a3 27. e3 a2 28. Ba6 a1=Q 29. Bc8 Qe1 30. b7 Qxf2+ 0-1

[Event "January 2 Late 2024"]
[Site "https://www.chess.com"]
[Date "2024.01.02"]
[Round "1"]
[White "Mazi, Leon"]
[Black "Montano Vicente, Guadalupe"]
[Result "1-0"]
[Board "215"]
[TimeControl "180+1"]
[WhiteFideId "14600315"]
[BlackFideId "5181399"]
[WhiteElo "2548"]
[BlackElo "2147"]
[WhiteTeam "SLO"]
[BlackTeam "MEX"]
[WhiteClock "0:02:13"]
[BlackClock "0:00:08"]

1. e4 c5 2. Nf3 d6 3. d4 cxd4 4. Qxd4 a6 5. c4 Nc6 6. Qe3 g6 7. Be2 Bg7 8. O-O Nf6 9. Rd1 Qc7 10. Nc3 O-O 11. h3 b6 12. Rb1 Bb7 13. b3 Rfd8 14. Bb2 e6 15. Rbc1 Nd7 16. Nd5 exd5 17. Bxg7 dxe4 18. Bb2 exf3 19. Bxf3 Nde5 20. Bd5 Ne7 21. f4 N5c6 22. Qc3 Nf5 23. Qh8# 1-0

[Event "January 2 Late 2024"]
[Site "https://www.chess.com"]
[Date "2024.01.02"]
[Round "1"]
[White "hoshiboshi"]
[Black "Mendez Fortes, Eduardo Jesus"]
[Result "0-1"]
[Board "216"]
[TimeControl "180+1"]
[BlackFideId "3502376"]
[WhiteElo "2140"]
[BlackElo "2545"]
[BlackTeam "CUB"]
[WhiteClock "0:00:00"]
[BlackClock "0:01:36"]

1. e4 c5 2. Nf3 d6 3. d4 cxd4 4. Nxd4 Nf6 5. Nc3 a6 6. Be2 e5 7. Nb3 Be7 8. O-O O-O 9. Re1 b5 10. Bf3 Be6 11. Nd5 Nbd7 12. a4 Bxd5 13. exd5 b4 14. a5 Qc7 15. Bd2 Rab8 16. h3 Nc5 17. Nxc5 Qxc5 18. Be3 Qb5 19. Bb6 Ra8 20. Qd2 Rfc8 21. Be2 Qd7 22. Red1 Qf5 23. Rac1 h5 24. Qxb4 Rxc2 25. Bf1 Nxd5 26. Qb3 Rxc1 27. Rxc1 Nf4 28. g3 Nxh3+ 29. Bxh3 Qxh3 30. Qf3 Rc8 31. Rc7 Rxc7 32. Bxc7 Qg4 33. Qxg4 hxg4 34. b4 d5 35. b5 axb5 36. Bb6 Bd6 37. a6 Bb8 38. a7 Bxa7 39. Bxa7 f6 40. Kf1 Kf7 41. Ke2 Ke6 42. Kd3 d4 43. Bb6 Kd5 44. Bd8 e4+ 45. Kc2 Kc4 46. Be7 b4 47. Bf8 g6 48. Bg7 f5 49. Kb2 e3 50. fxe3 dxe3 51. Kc2 g5 52. Kd1 Kd3 53. Ke1 b3 54. Be5 f4 55. gxf4 gxf4 0-1

[Event "January 2 Late 2024"]
[Site "https://www.chess.com"]
[Date "2024.01.02"]
[Round "1"]
[White "Klenburg, Michael"]
[Black "Ivanov, Aleksandr"]
[Result "1-0"]
[Board "217"]
[TimeControl "180+1"]
[WhiteFideId "14102072"]
[BlackFideId "2092980"]
[WhiteElo "2544"]
[BlackElo "2129"]
[WhiteTeam "ISR"]
[BlackTeam "USA"]
[WhiteClock "0:02:27"]
[BlackClock "0:01:29"]

1. e4 e6 2. d3 d5 3. Nd2 c5 4. Ngf3 Nc6 5. g3 Nf6 6. Bg2 g6 7. O-O Bg7 8. c3 O-O 9. Re1 a5 10. a4 b6 11. exd5 exd5 12. Nb1 Ba6 13. Na3 Rc8 14. Nb5 Bxb5 15. axb5 Nb8 16. Ne5 Nbd7 17. Nc6 Qc7 18. Bf4 Qb7 19. Ne7+ Kh8 20. Nxc8 Qxc8 21. Re7 Ng8 22. Re2 Ngf6 23. Qd2 Nh5 24. Bh6 Qd8 25. Bxg7+ Kxg7 26. Rae1 Kg8 27. Bxd5 1-0

[Event "January 2 Late 2024"]
[Site "https://www.chess.com"]
[Date "2024.01.02"]
[Round "1"]
[White "Clarke, Matthew"]
[Black "Ghevondyan, Arman"]
[Result "1-0"]
[Board "218"]
[TimeControl "180+1"]
[WhiteFideId "3227804"]
[BlackFideId "13312073"]
[WhiteElo "2127"]
[BlackElo "2543"]
[WhiteTeam "AUS"]
[BlackTeam "ARM"]
[WhiteClock "0:00:09"]
[BlackClock "0:01:20"]

1. d4 Nf6 2. c4 g6 3. Nc3 d5 4. cxd5 Nxd5 5. e4 Nxc3 6. bxc3 Bg7 7. Bc4 O-O 8. Ne2 c5 9. Be3 cxd4 10. cxd4 Nc6 11. O-O Na5 12. Bd3 Bg4 13. f3 Be6 14. Qa4 a6 15. Rad1 b5 16. Qc2 Rc8 17. Qb1 Bc4 18. d5 Bxd3 19. Rxd3 Nc4 20. Bd4 Bxd4+ 21. Nxd4 Qb6 22. Kh1 Rfd8 23. Nc6 Rd7 24. Rc1 Qf2 25. Rc2 Qh4 26. g3 Qh5 27. Rf2 e5 28. Rc3 Kg7 29. a4 Rb7 30. axb5 Rxb5 31. Qg1 Nd6 32. Ra3 a5 33. Qa1 f6 34. Rxa5 Rxa5 35. Qxa5 Qh6 36. Qd2 Qh5 37. Qa2 Nf7 38. Kg2 Rc7 39. Qa5 Rd7 40. Qa8 Ng5 41. h4 Nf7 42. Qe8 Rb7 43. Ne7 Nh6 44. d6 g5 45. Qxh5 gxh4 46. gxh4 Rb3 47. Nf5+ Nxf5 48. Qxf5 Rd3 49. Qd7+ Kh6 50. Kh2 Rd1 51. Qe6 Kh5 52. Qf5+ Kh6 53. Qxf6+ Kh5 54. Qg5# 1-0